General information
- name: BNet
- type: Ladder 1vs1/FFA
- host: Battle.net
- saver: ISayNeverAgain
map: LostTemple
- players: 2
- length: 28:09
- speed: Fast
- version: 1.24 W3XP
- replay type: Public
» download(107 KB)
Players
team 1 (winner)

»
ISayNeverAgain (
purple | 128 APM | 3602 actions | 28:09)
5 Archmage
3 Summon Water Elemental
2 Brilliance Aura
4 Mountain King
2 Storm Bolt
2 Bash
4 Paladin
2 Holy Light
2 Divine Shield
» actions
| Assign group hotkey | 43 | |
| Basic commands | 14 | |
| Build / train | 131 | |
| ESC pressed | 6 | |
| Enter build submenu | 37 | |
| Enter hero's abilities submenu | 13 | |
| Give item / drop item | 5 | |
| Remove unit from queue | 3 | |
| Right click | 1729 | |
| Select / deselect | 755 | |
| Select group hotkey | 687 | |
| Use ability | 179 | |
3602 total
» units
| Peasant | 27 | |
| Footman | 10 | |
| Mortar Team | 12 | |
| Sorceress | 7 | |
| Gryphon Rider | 5 | |
| Priest | 4 | |
65 total
» upgrades
| Masonry | 1 | |
| Defend | 1 | |
| Gunpowder | 2 | |
| Flare | 1 | |
| Magic Sentry | 1 | |
| Sorceress Training | 1 | |
| Fragmentation Shards | 1 | |
| Animal War Training | 1 | |
| Storm Hammers | 1 | |
| Armor | 1 | |
11 total
» buildings
| Altar of Kings | 2 | |
| Farm | 11 | |
| Barracks | 1 | |
| Scout Tower | 13 | |
| Lumber Mill | 1 | |
| Arcane Tower | 3 | |
| Town Hall | 2 | |
| Guard Tower | 7 | |
| Arcane Vault | 1 | |
| Keep | 1 | |
| Blacksmith | 1 | |
| Arcane Sanctum | 1 | |
| Workshop | 1 | |
| Castle | 1 | |
| Gryphon Aviary | 2 | |
48 total
» build order
00:06 Altar of Kings
00:11 Altar of Kings
00:12 Farm
00:15 Barracks
00:56 Farm
01:53 Farm
02:52 Scout Tower
03:08 Lumber Mill
03:31 Arcane Tower
03:32 Scout Tower
04:14 Town Hall
04:18 Guard Tower
04:28 Farm
04:30 Farm
04:40 Scout Tower
04:48 Scout Tower
05:21 Arcane Tower
05:24 Guard Tower
06:15 Arcane Vault
06:32 Keep
07:09 Scout Tower
07:38 Blacksmith
07:41 Guard Tower
08:54 Arcane Sanctum
08:57 Workshop
08:59 Castle
09:54 Farm
09:56 Farm
10:17 Scout Tower
10:27 Guard Tower
10:29 Scout Tower
11:03 Guard Tower
11:09 Scout Tower
11:15 Scout Tower
11:45 Guard Tower
11:46 Scout Tower
12:18 Arcane Tower
12:19 Scout Tower
12:30 Scout Tower
12:51 Scout Tower
12:56 Gryphon Aviary
13:22 Guard Tower
14:05 Farm
14:47 Farm
15:35 Town Hall
16:30 Gryphon Aviary
22:51 Farm
24:15 Farm
» items
| Lesser Clarity Potion | 3 | |
| Ivory Tower | 2 | |
| Potion of Invisibility | 1 | |
| Dust of Appearance | 1 | |
| Scroll of Healing | 2 | |
| Potion of Lesser Invulnerability | 1 | |
| Scroll of Protection | 1 | |
| Scroll of Town Portal | 2 | |
| Boots of Speed | 1 | |
| Scroll of Regeneration | 2 | |
| Staff of Sanctuary | 2 | |
| Staff of Teleportation | 1 | |
| Potion of Healing | 1 | |
20 total
team 2 (loser)
DrinkTheMoon (
green | 78 APM | 2191 actions | 28:09)
5 Demon Hunter
3 Mana Burn
2 Evasion
4 Warden
2 Fan of Knives
1 Blink
1 Shadow Strike
» actions
| Assign group hotkey | 24 | |
| Basic commands | 2 | |
| Build / train | 100 | |
| Enter build submenu | 28 | |
| Enter hero's abilities submenu | 10 | |
| Remove unit from queue | 5 | |
| Right click | 1190 | |
| Select / deselect | 464 | |
| Select group hotkey | 196 | |
| Use ability | 172 | |
2191 total
» units
| Wisp | 54 | |
| Archer | 5 | |
| Dryad | 7 | |
| Druid of the Claw | 5 | |
71 total
» upgrades
| Abolish Magic | 1 | |
| Druid of the Claw Training | 2 | |
| Mark of the Claw | 1 | |
| Strength of the Wild | 1 | |
| Well Spring | 1 | |
6 total
» buildings
| Altar of Elders | 2 | |
| Moon Well | 10 | |
| Ancient of War | 1 | |
| Tree of Life | 4 | |
| Tree of Ages | 1 | |
| Hunter's Hall | 2 | |
| Ancient of Lore | 3 | |
| Tree of Eternity | 2 | |
| Ancient of Wonders | 1 | |
| Ancient of Wind | 4 | |
| Chimaera Roost | 3 | |
33 total
» build order
00:06 Altar of Elders
00:18 Moon Well
00:28 Ancient of War
01:39 Moon Well
03:00 Tree of Life
03:36 Tree of Ages
03:58 Moon Well
04:34 Hunter's Hall
05:21 Hunter's Hall
06:27 Ancient of Lore
06:31 Ancient of Lore
07:05 Tree of Eternity
07:06 Tree of Eternity
08:57 Ancient of Wonders
10:07 Moon Well
13:00 Ancient of Wind
13:33 Moon Well
14:52 Chimaera Roost
14:52 Chimaera Roost
16:13 Chimaera Roost
16:46 Moon Well
16:47 Moon Well
16:47 Moon Well
16:48 Moon Well
19:29 Tree of Life
20:42 Ancient of Lore
22:37 Ancient of Wind
22:38 Ancient of Wind
22:46 Ancient of Wind
22:49 Altar of Elders
22:52 Moon Well
26:12 Tree of Life
26:18 Tree of Life
» items
| Boots of Speed | 1 | |
| Scroll of Town Portal | 1 | |
2 total
Chat log
(19:38 / All) DrinkTheMoon: what hack u use?
(19:41 / All) ISayNeverAgain: lolll
(19:44 / All) ISayNeverAgain: you're a moron
(19:55 / All) DrinkTheMoon: and u cant spell
(19:59 / All) ISayNeverAgain: uhhh
(20:02 / All) DrinkTheMoon: but real?
(20:20 / All) ISayNeverAgain: im hungover
(20:23 / All) ISayNeverAgain: and kicking your ass
(20:28 / All) ISayNeverAgain: and you think its hacks
(21:21 / All) DrinkTheMoon: well
(21:22 / All) DrinkTheMoon: it is
(21:22 / All) DrinkTheMoon: hacks
(21:25 / All) ISayNeverAgain: no
(21:29 / All) ISayNeverAgain: its called being competent
(21:31 / All) ISayNeverAgain: you scrub
(21:33 / All) DrinkTheMoon: cuz i make my living programing
(21:36 / All) DrinkTheMoon: i made
(21:39 / All) DrinkTheMoon: hack detector
(21:53 / All) ISayNeverAgain: im detecting dicks in your mouth right now
(21:59 / All) DrinkTheMoon: meaning?
(22:03 / All) ISayNeverAgain: you're a dumb faggot
(22:10 / All) DrinkTheMoon: u care why
(22:14 / All) DrinkTheMoon: hacker?
(22:19 / All) ISayNeverAgain: Im not hacking scrub
(22:22 / All) ISayNeverAgain: feel free tog et out whever
(22:22 / All) DrinkTheMoon: why does that hacker care?
(22:34 / All) ISayNeverAgain: why do you think im hacking?
(23:10 / All) DrinkTheMoon: why
(23:19 / All) DrinkTheMoon: why does the hacker care
(23:21 / All) DrinkTheMoon: i mean
(23:26 / All) ISayNeverAgain: i dont hack scrub, sorry
(23:29 / All) ISayNeverAgain: you just lost terribly
(23:31 / All) DrinkTheMoon: i undeer stand sucking so bad that u need to cheet
(23:33 / All) DrinkTheMoon: but...
(23:34 / All) ISayNeverAgain: lollll
(23:37 / All) DrinkTheMoon: just dont lie about it
(23:40 / All) DrinkTheMoon: when its obvious
(23:41 / All) ISayNeverAgain: out microed you 100% of this game
(23:46 / All) DrinkTheMoon: micro?
(23:50 / All) ISayNeverAgain: you lost fights between dryads and footmen
(23:51 / All) DrinkTheMoon: humans use micro?
(23:59 / All) DrinkTheMoon: dryads and footmen,,,
(24:02 / All) DrinkTheMoon: i dont recall
(24:03 / All) ISayNeverAgain: you clearly dont no matter what race you're using
(24:18 / All) DrinkTheMoon: now your making things up to feal good about your self
(24:19 / All) DrinkTheMoon: lol
(24:20 / All) DrinkTheMoon: wow
(24:27 / All) DrinkTheMoon: i know a kid at school thats like you
(24:30 / All) DrinkTheMoon: whats your name?
(24:31 / All) ISayNeverAgain: outside my bottom left expo
(24:32 / All) ISayNeverAgain: lolll
(24:37 / All) ISayNeverAgain: i thought you programmed for a living
(24:50 / All) ISayNeverAgain: ps not at school kid
(24:52 / All) DrinkTheMoon: im in colage
(24:57 / All) ISayNeverAgain: you cant spell college
(25:07 / All) DrinkTheMoon: im "hung over"
(25:11 / All) DrinkTheMoon: but yeah
(25:16 / All) ISayNeverAgain: no you aren't
(25:17 / All) ISayNeverAgain: just bad
(25:21 / All) DrinkTheMoon: lol
(25:25 / All) ISayNeverAgain: feel free to quit whenever
(25:30 / All) DrinkTheMoon: whats your account 50%?
(25:34 / All) ISayNeverAgain: i dont know
(25:38 / All) DrinkTheMoon: oh
(25:40 / All) DrinkTheMoon: wow
(25:43 / All) ISayNeverAgain: feel free to stats me
(25:46 / All) DrinkTheMoon: its new and it sucks
(25:47 / All) DrinkTheMoon: lol
(25:57 / All) DrinkTheMoon: suck for new accont
(26:00 / All) DrinkTheMoon: dang
(26:01 / All) ISayNeverAgain: sorry for your first loss scrub
(26:05 / All) DrinkTheMoon: your luck i was elf
(26:12 / All) ISayNeverAgain: im sure you couldnt have kept up your streak much longer anyway
(26:15 / All) ISayNeverAgain: i randomed you scrub
(26:19 / All) ISayNeverAgain: you're the one who picked
(26:24 / All) DrinkTheMoon: i got 2 10-0 accounts
(26:26 / All) ISayNeverAgain: WOW
(26:31 / All) ISayNeverAgain: 10-0
(26:32 / All) DrinkTheMoon: and a 50-13 account
(26:33 / All) DrinkTheMoon: but
(26:35 / All) ISayNeverAgain: Lollll
(26:35 / All) DrinkTheMoon: yeah
(26:44 / All) DrinkTheMoon: well
(26:47 / All) DrinkTheMoon: its arround that
(26:53 / All) DrinkTheMoon: profile moonglave after
(26:59 / All) ISayNeverAgain: i dont care about your accounts faggot
(27:00 / All) DrinkTheMoon: im just screwing arround here :P
(27:03 / All) ISayNeverAgain: :P
(27:04 / All) DrinkTheMoon: warden 0.o
(27:06 / All) ISayNeverAgain: wow
(27:07 / All) DrinkTheMoon: like a try
(27:10 / All) ISayNeverAgain: wat a crazy strat!!!!
(27:15 / All) DrinkTheMoon: warden
(27:16 / All) DrinkTheMoon: ?
(27:26 / All) ISayNeverAgain: warden 2nd on lt is pretty standard noobie
(27:32 / All) DrinkTheMoon: it is?
(27:34 / All) DrinkTheMoon: LOL
(27:35 / All) DrinkTheMoon: no
(27:36 / All) DrinkTheMoon: its not
(27:41 / All) ISayNeverAgain: on lt yes it is
(27:48 / All) DrinkTheMoon: kotg is the main 2nd on this map
(27:51 / All) DrinkTheMoon: gj hacker
(28:00 / All) DrinkTheMoon: fake the spy glass
(28:02 / All) ISayNeverAgain: just used 800 gold of reveals
(28:03 / All) DrinkTheMoon: thats funny
(28:05 / All) ISayNeverAgain: and lots of flares
(28:06 / All) DrinkTheMoon: sure
(28:07 / All) DrinkTheMoon: noob
(28:07 / All) ISayNeverAgain: you're dumb as shit